 Dungeon Crawl Stone Soup version 0.28-a0-819-g6ef7baa362 (webtiles) character file.

Game seed: 11175835167846835963

4 voltaire321 the Grasshopper (level 1, -3/9 HPs)
             Began as a Felid Warper on Nov 8, 2021.
             Slain by a goblin (4 damage)
             ... on level 1 of the Dungeon.
             The game lasted 00:00:58 (53 turns).

voltaire321 the Grasshopper (Felid Warper)            Turns: 53, Time: 00:00:59

Health: -3/9       AC:  1    Str:  7    XL:     1   Next: 50%
Magic:  4/4        EV: 17    Int: 14    God:
Gold:   0          SH:  0    Dex: 15    Spells: 4/4 levels left
                                        Lives:  0   Deaths: 0

rFire   . . .      SeeInvis +     - Unarmed
rCold   . . .      Faith    .   (shield unavailable)
rNeg    . . .      Spirit   .   (armour unavailable)
rPois   .          Reflect  .   (helmet unavailable)
rElec   .          Harm     .   (cloak unavailable)
rCorr   .          Rampage  .   (gloves unavailable)
Will    .....                   (boots unavailable)
Stlth   +.........              (no amulet)
HPRegen 0.03/turn               (no ring)
MPRegen 0.09/turn               (no ring)

@: quick
A: very small, claws 1, fangs 3, see invisible, speed 1, shaggy fur 1, stealthy
paws, no weapons or thrown items, no armour, multi-lived
a: no special abilities


You were on level 1 of the Dungeon.
You visited 1 branch of the dungeon, and saw 1 of its levels.

Inventory:

Scrolls
 a - a scroll of blinking


   Skills:
 + Level 2.0 Fighting
 + Level 3.3 Dodging
 + Level 2.0 Unarmed Combat
 + Level 2.0 Spellcasting
 + Level 4.5 Translocations


You had 4 spell levels left.
You didn't know any spells.
Your spell library contained the following spells:

 Spells                   Type           Power      Damage    Failure   Level
 Blink                    Tloc           28%        N/A       5%          2
 Gell's Gravitas          Tloc           14%        N/A       11%         3
 Lesser Beckoning         Tloc           14%        N/A       11%         3
 Teleport Other           Tloc           14%        N/A       11%         3
 Manifold Assault         Tloc           14%        N/A       71%         5


Dungeon Overview and Level Annotations

Branches:
Dungeon (1/15)

Altars:


Innate Abilities, Weirdness & Mutations

You have sharp claws.
You have razor-sharp teeth.
You have supernaturally acute eyesight. (SInv)
You cover ground quickly. (Speed+)
You are covered in fur. (AC +1)
Your paws help you pounce on unaware monsters.
You are incapable of wielding weapons or throwing items.
You cannot wear armour.
You gain extra lives every three experience levels.


Message History

You scratch the bat.
You kill the bat!
The ball python misses you. The ball python barely misses you.
The ball python closely misses you. x2; The quokka bites you.
There is an open gate here.
You scratch the ball python.
You kill the ball python!
The quokka misses you.
You closely miss the quokka. The quokka completely misses you.
You barely miss the quokka. The quokka closely misses you.
You scratch the quokka.
You kill the quokka!
Found 11 gold pieces.
You see here a quokka corpse.
A ball python comes into view.
The ball python hisses angrily.
A kobold comes into view. It is wielding a +0 dagger.
The kobold shouts!
A goblin comes into view. It is wielding a +0 club.
You scratch the ball python.
You kill the ball python!
The kobold throws a stone.
The stone barely misses you.
You see here a quokka corpse.
There is an open gate here.
The goblin completely misses you.
You closely miss the goblin. The goblin barely misses you.
You closely miss the goblin. The goblin hits you with a +0 club.
Ouch! That really hurt!
* * * LOW HITPOINT WARNING * * *
You scratch the kobold. Your bite misses the kobold.
The kobold is moderately wounded.
The kobold hits you with a +0 dagger.
* * * LOW HITPOINT WARNING * * *
You barely miss the kobold.
The kobold is moderately wounded.
The goblin misses you. The kobold closely misses you.
You scratch the kobold.
The kobold is severely wounded.
The goblin hits you with a +0 club.
You die...

... #.$ #.. #### #.. # .
###..#
.####.####.#...###....#
.K.K..g......###......#
#...†..###........#
##..#####......##..#
#...†'.K@....####..#
#....'.g...### #.<#
#.###....'.......####..#
#.......#####......##..#
####....# ###........#
#....# ###......# ##....
###....# ....# ###..#
.##..# ####


You could see a goblin and a kobold.

Vanquished Creatures
  2 ball pythons (D:1)
  A quokka (D:1)
  A bat (D:1)
4 creatures vanquished.

Notes
Turn   | Place    | Note
-------+----------+-------------------------------------------
     0 | D:1      | voltaire321 the Felid Warper began the quest for the Orb.
     0 | D:1      | Reached XP level 1. HP: 9/9 MP: 4/4
    53 | D:1      | Slain by a goblin

Illustrated notes

Levels and vault maps discovered:
D:1:      lemuel_arrival_funnel, layout_rooms

Action                   || total
-------------------------++-------
Melee: Unarmed           ||    15
Armor: Skin              ||     2
Dodge: Dodged            ||    23

Table legend: (Time is in decaauts)
 A = Elapsed time spent in this place.
 B = Non-inter-level travel time spent in this place.
 C = Inter-level travel time spent in this place.
 D = Time resting spent in this place.
 E = Time spent auto-exploring this place.
 F = Levels seen in this place.
 G = Mean time per level.
                   A        B        C        D        E       F      G
               +--------+--------+--------+--------+--------+-----+--------+
         Total |     44 |     44 |      0 |      0 |      0 |   1 |   44.0 |
       Dungeon |     44 |     44 |      0 |      0 |      0 |   1 |   44.0 |
               +--------+--------+--------+--------+--------+-----+--------+

Top non-repeatable levels by time:
     D:1: 44 daAuts
